 Dungeon Crawl Stone Soup version 0.32-a0-656-g3542139ebd (webtiles) character file.

Game seed: 4226639469477884026

11 ytrimaz the Ruffian (level 2, -2/22 HPs)
             Began as a Demigod Shapeshifter on Mar 8, 2024.
             Slain by a hobgoblin (4 damage)
             ... on level 1 of the Dungeon.
             The game lasted 00:00:28 (182 turns).

ytrimaz the Ruffian (Demigod Shapeshifter)           Turns: 182, Time: 00:00:29

Health: -2/22      AC:  2    Str: 15    XL:     2   Next: 3%
Magic:  4/4        EV: 12    Int: 12    God:
Gold:   41         SH:  0    Dex: 13    Spells: 1/1 levels left

rFire   . .          .
                       - Unarmed
rCold   . . .        (no shield)
rNeg    + . .        a - +0 animal skin
rPois   .            (helmet currently unavailable)
rElec   .            (cloak currently unavailable)
rCorr   .            (gloves currently unavailable)
SInv    .            (boots currently unavailable)
Will    .....        (no amulet)
Stlth   +            e - ring of positive energy
HPRegen 0.23/turn    (no ring)
MPRegen 0.09/turn

%: no passive effects
@: beast-form
A: beast (slay +1), high MP 1, forlorn, divine attributes
a: Begin Untransformation


You were on level 1 of the Dungeon.
You were a hulking beast.
You visited 1 branch of the dungeon, and saw 1 of its levels.

You collected 41 gold pieces.


Innate Abilities, Weirdness & Mutations

You are a hulking beast.
Your limbs bulge with bestial killing power. (Slay +1)
You have an increased reservoir of magic. (+10% MP)
You shall have no god before yourself.
Your divine heritage dramatically boosts your attributes as you level up.


   Skills:
 - Level 0.8 Fighting
 - Level 1.7 Dodging
 + Level 3.0 Unarmed Combat
 + Level 3.0 Shapeshifting


You had one spell level left.
You didn't know any spells.
Your spell library was empty.

Inventory:

Armour
 a - a +0 animal skin (worn)
Jewellery
 e - a ring of positive energy (left hand)
   (You found it on level 1 of the Dungeon)
Talismans
 c - a beast talisman (active)
 d - a flux talisman
Scrolls
 f - a scroll of identify {unknown}
Potions
 b - a potion of lignification

Dungeon Overview and Level Annotations

Branches:
Dungeon (1/15) Zot: 5819

####### #.....# #.....#
########=....# ######
.............# #.....
.............######.####
......gh..........#..#..
.......†..........#..#.#
.............#.##.#..#.#
.............#.##.#.....
........>........)......
...............##.#.....
.............####....#.#
#######....... ####.#.#
#..#+#### .#..


You could see a hobgoblin.


Message History

The goblin shouts!
You hear an angry hiss.
There are monsters nearby!
There are monsters nearby!
You miss the goblin.
A frilled lizard comes into view.
The goblin hits you with a +0 club. 😕 HP[-1]
You take 1 damage, and now have 14/15 hp.
You hit the goblin. The goblin closely misses you.
You hit the goblin.
You kill the goblin!
Your Unarmed Combat skill increases to level 3!
Unknown command.
You completely miss the giant cockroach.
The giant cockroach barely misses you. 😎 HP[+1]
Your hp is fully restored (15).
You barely miss the giant cockroach. The giant cockroach barely misses you.
You closely miss the giant cockroach.
The giant cockroach bites you but does no damage.
You hit the giant cockroach.
You kill the giant cockroach!
Unknown command.
You hit the frilled lizard.
You kill the frilled lizard!
No target in view!
Items here: ) †††.
Unknown command.
e - a ring of positive energy
e - a ring of positive energy (left hand)
Found a stone staircase leading down.
f - a scroll labelled EDYL XYZYLLIGRUA You now have 36 gold pieces (gained 9).
Items here: ) †††.
You now have 41 gold pieces (gained 5).
A giant cockroach comes into view.
A giant cockroach is nearby!
A giant cockroach is nearby!
A hobgoblin comes into view.
The giant cockroach closely misses you.
You hit the giant cockroach.
The giant cockroach completely misses you.
Unknown command.
You barely miss the giant cockroach.
The giant cockroach bites you but does no damage.
The giant cockroach closely misses you.
The giant cockroach bites you but does no damage.
You barely miss the giant cockroach. The hobgoblin completely misses you.
The giant cockroach bites you. 😕 HP[-1]
You take 1 damage, and now have 14/15 hp.
Unknown command.
You hit the giant cockroach but do no damage.
The hobgoblin hits you.
The giant cockroach closely misses you. 😮 HP[-3]
You take 3 damage, and now have 11/15 hp.
Unknown command.
You are too injured to fight recklessly!
You hit the giant cockroach but do no damage.
The giant cockroach bites you but does no damage.
The hobgoblin hits you. 😮 HP[-3]
You take 3 damage, and now have 8/15 hp.
You hit the giant cockroach but do no damage.
The giant cockroach closely misses you. The hobgoblin hits you.
* * * LOW HITPOINT WARNING * * *
😨 HP[-3]
You take 3 damage, and now have 5/15 hp.
You hit the giant cockroach but do no damage.
The giant cockroach barely misses you. The hobgoblin closely misses you.
Unknown command.
Unknown command.
Okay, then.
Unknown command.
You hit the giant cockroach.
You kill the giant cockroach!
The hobgoblin hits you.
* * * LOW HITPOINT WARNING * * *
Your Shapeshifting skill increases to level 3!
You have reached level 2!
You closely miss the hobgoblin. The hobgoblin hits you.
* * * LOW HITPOINT WARNING * * *
😱 HP[-4] MP[+1]
You now have 22 max hp (+7).
Your mp is fully restored (4).
You barely miss the hobgoblin.
The hobgoblin hits you but does no damage.
You hit the hobgoblin.
The hobgoblin hits you but does no damage.
Unknown command.
You hit the hobgoblin but do no damage. The hobgoblin misses you.
Unknown command.
You hit the hobgoblin but do no damage. 😱 HP[+1] Unknown command.
You hit the hobgoblin but do no damage. The hobgoblin closely misses you.
Unknown command.
You closely miss the hobgoblin. The hobgoblin barely misses you.
Unknown command.
You closely miss the hobgoblin. The hobgoblin hits you.
You die...

Skill      XL: |  1 |
---------------+----+-----
Unarmed Combat | 3 |  3.0
Shapeshifting  | 3 |  3.0
Fighting       | |  0.8
Dodging        | |  1.7

Action                     || total
---------------------------++-------
  Melee: Unarmed           ||    35
 Armour: Animal skin       ||    16
  Dodge: Dodged            ||    20

Levels and vault maps discovered:
D:1:      sevenhm_arrival_forest_fort_large_2, layout_basic

Notes
Turn   | Place    | Note
-------+----------+-------------------------------------------
     0 | D:1      | ytrimaz the Demigod Shapeshifter began the quest for the
                  | Orb.
     0 | D:1      | Reached XP level 1. HP: 15/15 MP: 3/3
     0 | D:1      | magus.rc [v1.9.6]
   127 | D:1      | Reached skill level 3 in Unarmed Combat
   175 | D:1      | Reached skill level 3 in Shapeshifting
   175 | D:1      | Reached XP level 2. HP: 5/22 MP: 4/4
   175 | D:1      | HP: 1/22 [hobgoblin (5)]
   182 | D:1      | Slain by a hobgoblin

Vanquished Creatures
  A dart slug (D:1)
  3 giant cockroaches (D:1)
  2 goblins (D:1)
  A frilled lizard (D:1)
  A rat (D:1)
8 creatures vanquished.

Table legend:
 A = Non-vault XP
 B = Vault XP
 C = Vault XP percentage of total XP
 D = Non-vault monster count
 E = Vault monster count
 F = Vault count percentage of total count
                 A         B        C        D         E       F
            +---------+---------+-------+---------+---------+-------
      Total |      16 |       0 |   0.0 |       8 |       0 |   0.0
            +---------+---------+-------+---------+---------+-------
        D:1 |      16 |       0 |   0.0 |       8 |       0 |   0.0
            +---------+---------+-------+---------+---------+-------

Skill      XL: |  1 |
---------------+----+-----
Unarmed Combat | 3 |  3.0
Shapeshifting  | 3 |  3.0
Fighting       | |  0.8
Dodging        | |  1.7

Action                     || total
---------------------------++-------
  Melee: Unarmed           ||    35
 Armour: Animal skin       ||    16
  Dodge: Dodged            ||    20

Illustrated notes

Table legend:
 A = Kills in this place as a percentage of kills in the entire game.
 B = Kills by you in this place as a percentage of kills by you in the entire game.
 C = Kills by friends in this place as a percentage of kills by friends in the entire game.
 D = Other kills in this place as a percentage of other kills in the entire game.
 E = Experience gained in this place as a percentage of experience gained in the entire game.
 F = Experience gained in this place divided by the number of levels of this place that you have seen.
                   A       B       C       D       E      F
               +-------+-------+-------+-------+-------+----------------------
         Total | 100.0 | 100.0 |   N/A |   N/A | 100.0 |  16.0
       Dungeon | 100.0 | 100.0 |   N/A |   N/A | 100.0 |  16.0
               +-------+-------+-------+-------+-------+----------------------

Table legend: (Time is in decaauts)
 A = Elapsed time spent in this place.
 B = Non-inter-level travel time spent in this place.
 C = Inter-level travel time spent in this place.
 D = Time resting spent in this place.
 E = Time spent auto-exploring this place.
 F = Levels seen in this place.
 G = Mean time per level.
                   A        B        C        D        E       F      G
               +--------+--------+--------+--------+--------+-----+--------+
         Total |    179 |    179 |      0 |      0 |    109 |   1 |  179.0 |
       Dungeon |    179 |    179 |      0 |      0 |    109 |   1 |  179.0 |
               +--------+--------+--------+--------+--------+-----+--------+

Top non-repeatable levels by time:
     D:1: 179 daAuts
